 Dungeon Crawl Stone Soup version 0.32-a0-747-gc8563f6773 (webtiles) character file.

Game seed: 6722976139728640587

12236 yleetSyT the Geomancer (level 11, -5/99 HPs)
             Began as a Mountain Dwarf Earth Elementalist on Mar 17, 2024.
             Was a Priest of Beogh.
             Killed by divine providence
             ... invoked by Olfrun the orc apostle
              (13 damage)
             ... on level 9 of the Dungeon.
             The game lasted 00:31:17 (12569 turns).

yleetSyT the Geomancer (MDEE)                      Turns: 12569, Time: 00:31:17

Health: -5/99      AC: 21    Str: 15    XL:     11   Next: 59%
Magic:  2/15       EV:  7    Int: 16    God:    Beogh [***...]
Gold:   268        SH:  5    Dex: 15    Spells: 2/16 levels left

rFire   + . .        b - staff of Res Nullius {Dex+5 Earth}
rCold   . . .        (no shield)
rNeg    . . .        G - +0 chain mail
rPois   .            m - +2 helmet
rElec   +            q - +2 cloak
rCorr   .            z - +2 pair of gloves
SInv    +            (no boots)
Will    ++...        j - amulet "Unuiz" {Reflect rElec rF+ SH+5} Stlth
                     i - ring of flight
HPRegen 0.36/turn    A - ring of see invisible
MPRegen 0.14/turn

%: reflection
@: enlightened, flying, invisible
A: runic magic, artefact enchanting
a: Renounce Religion, Smiting


You were on level 9 of the Dungeon.
You worshipped Beogh.
Beogh was most pleased with you.
You visited 1 branch of the dungeon, and saw 9 of its levels.
You also visited: Sewer and Bailey.

You collected 501 gold pieces.
You spent 233 gold pieces at shops.

Inventory:

Hand Weapons
 a - a +1 dagger of venom
 f - a +1 whip of flaming
 w - a +3 heavy flail
 x - a +3 quarterstaff of chaos
 y - a +3 war axe
Missiles
 n - 7 curare-tipped darts
 B - 2 throwing nets
 H - 6 poisoned darts
Armour
 m - a +2 helmet (worn)
 q - a +2 cloak (worn)
 z - a +2 pair of gloves (worn)
 E - a +0 plate armour
 G - a +0 chain mail (worn)
Magical Staves
 b - the staff of Res Nullius (weapon) {Dex+5 Earth}
   (You found it on level 8 of the Dungeon)

   [staff of earth]

   Base accuracy: +5 Base damage: 5 Base attack delay: 1.2 This weapon's minimum
   attack delay (0.6) is reached at skill level 12.
   Dex+5:     It affects your dexterity (+5).
   Earth:     It increases the power of your Earth spells.
   It falls into the 'Staves' category.
   It is a one-handed weapon.
Jewellery
 i - a ring of flight (left hand)
 j - the amulet "Unuiz" (around neck) {Reflect rElec rF+ SH+5}
   (You found it on level 2 of the Dungeon)

   [amulet of reflection]

   Reflect:   It reflects blocked missile attacks.
   rF+:       It protects you from fire.
   rElec:     It insulates you from electricity.
   SH+5:      It affects your SH (+5).
 A - a ring of see invisible (right hand)
Wands
 v - a wand of polymorph (15)
 D - a wand of warping (3)
Scrolls
 c - a scroll of teleportation
 d - a scroll of immolation
 e - 3 scrolls of revelation
 g - 6 scrolls of enchant weapon
 l - a scroll of enchant armour
 r - 4 scrolls of amnesia
Potions
 h - 4 potions of mutation
 o - 3 potions of haste
 p - a potion of invisibility
 t - 2 potions of attraction
 C - a potion of resistance {unknown}
 F - 2 potions of cancellation


   Skills:
 + Level 9.9 Fighting
 + Level 9.9 Armour
 - Level 1.3 Dodging
 - Level 1.4 Stealth
 - Level 3.0 Spellcasting
 - Level 10.0 Conjurations
 - Level 10.0 Earth Magic


You had 2 spell levels left.
You knew the following spells:

 Your Spells              Type           Power      Damage    Failure   Level
a - Sandblast             Erth           100%       2d20      1%          1
b - Stone Arrow           Conj/Erth      100%       3d13      1%          3
c - Brom's Barrelling Bo  Conj/Erth      51%        2d7       5%          4
d - Apportation           Tloc           4%         N/A       32%         1
e - Lee's Rapid Deconstr  Erth           25%        3d14*     14%         5

Your spell library contained the following spells:

 Spells                   Type           Power      Damage    Failure   Level
 Shock                    Conj/Air       72%        1d7       4%          1
 Sting                    Conj/Alch      72%        1d7       4%          1
 Necrotise                Necr           8%         1d4       32%         1
 Summon Small Mammal      Summ           8%         N/A       32%         1
 Jinxbite                 Hex            4%         N/A       43%         2
 Lesser Beckoning         Tloc           4%         N/A       43%         2
 Passwall                 Erth           51%        N/A       1%          3
 Leda's Liquefaction      Alch/Erth      13%        N/A       38%         4
 Petrify                  Alch/Erth      27%        N/A       38%         4
 Bombard                  Conj/Erth      25%        9d5       63%         6
 Call Canine Familiar     Summ           2%         N/A       67%         3
 Gell's Gravitas          Tloc           2%         N/A       67%         3
 Sigil of Binding         Hex            2%         N/A       67%         3
 Swiftness                Air            2%         N/A       67%         3
 Teleport Other           Tloc           2%         N/A       67%         3
 Vampiric Draining        Necr           2%         2d6       67%         3
 Airstrike                Air            1%         2d(1-17)  97%         4
 Dimensional Bullseye     Hex/Tloc       1%         N/A       97%         4
 Martyr's Knell           Necr/Summ      2%         N/A       97%         4
 Alistair's Intoxication  Alch           1%         N/A       100%        5
 Curse of Agony           Necr           2%         N/A       100%        5
 Lehudib's Crystal Spear  Conj/Erth      25%        10d7      100%        8


Dungeon Overview and Level Annotations

Branches:
Dungeon (9/15)             Temple (0/1) D:5            Lair (0/5) D:8
  Sewer (visited)          Bailey (visited)
    Orc: D:9-12

Altars:
Dithmenos
Hepliaklqana
Trog
Wu Jian
The Shining One

Shops:
D:5 !   D:7 ?

Annotations:
D:4 3 runed translucent doors, SageDae's ghost, amateur CoGl


Innate Abilities, Weirdness & Mutations

Your facial features look somewhat orcish.
Your spellcasting is much less encumbered by armour.
You can use scrolls of enchantment on lesser artefacts.


Message History

Beogh accepts your kill.
Press: ? - help, v - describe, . - travel, g - get item
Here: Olfrun the orc apostle, wielding a +0 mace of protection and wearing a +3 ring mail (empowered by the touch of Beogh)
Items here: ) [ †††.
The floor, spattered with blood.
Unknown command.
Unknown command.
Okay, then.
Unknown command.
You feel yourself speed up.
Olfrun invokes the aid of Beogh against you.
Beogh smites you!
* * * LOW HITPOINT WARNING * * *
You hit Olfrun but do no damage.
Olfrun mumbles some strange prayers to Beogh against you.
Beogh smites you!
* * * LOW HITPOINT WARNING * * *
It was a potion of cancellation.
Your magical effects are unravelling.
You feel magically purged.
You feel yourself slow down.
You feel a little less mighty now.
Okay, then.
Unknown command.
Unknown command.
Okay, then.
You fade into invisibility!
Olfrun closely misses you.
Aiming: Stone Arrow (safe; 1% risk of failure)
Press: ? - help, Q - select action, (/) - cycle Shift-Dir - straight line You feel a surge of power!
The stone arrow misses Olfrun.
Olfrun hits you with a +0 mace of protection.
* * * LOW HITPOINT WARNING * * *
Unknown command.
Unknown command.
It was a potion of enlightenment.
You feel more buoyant.
Olfrun calls down the wrath of Beogh upon you.
Beogh smites you!
You die...
Beogh appreciates Olfrun's killing of a heretic priest.

#...............# #.###.#
######............##.....#
#.#
#..........)......##.....#
#.#
##.................##.....#
#.#
#..._..............##.....#
#.#
......[..o....)o...##.....#
#.#
.........#####Y#)#.##.....#
#.# ....⌠....#
#o#)#.##.....# #.#
.........# #@#.#.# #.#
#.......## ###.#o# #.#
#..._..o# #.#.# #.#
.......†# #.#.# #.#
#######o# #.# #.# #'# #.#
#.. o). #.# ### .....
.....p.


You could see Olfrun the orc apostle (divinely empowered), a yak (unable to see
you) and an orc wizard (invisible, unable to see you).

Vanquished Creatures
  Pikel (D:6)
  2 orc knights (Bailey)
  A guardian serpent (Bailey)
  A rime drake (D:8)
  A wraith (D:6)
  Sigmund (D:5)
  9 yaks
  A human (D:9)
  A warg (D:9)
  Menkaure (D:5)
  Edmund (D:5)
  An acid dragon (D:8)
  6 orc warriors (Bailey)
  2 black bears (D:5)
  5 ice beasts
  2 sky beasts
  2 wolves (D:8)
  2 centaurs (D:8)
  A crocodile (Sewer)
  A lemure (D:6)
  3 kobold brigands
  A bullfrog (D:6)
  A brain worm (Sewer)
  A gnoll sergeant (D:6)
  4 killer bees (D:8)
  A howler monkey (D:7)
  A bombardier beetle (D:4)
  3 hounds
  3 jellies
  3 orc priests
  A gnoll bouda (D:8)
  Crazy Yiuf (D:5)
  Natasha (thrice) (D:2)
  5 iguanas
  6 orc wizards
  2 sleepcaps (D:8)
  Robin (D:2)
  17 gnolls
  11 adders
  2 shadow imps
  2 white imps
  2 ufetubi (D:6)
  3 dart slugs
  2 ribbon worms
  18 orcs
  9 ball pythons
  6 endoplasms
  4 giant cockroaches
  19 goblins
  7 hobgoblins
  4 jackals (D:2)
  18 kobolds
  8 quokkas
  10 bats
  2 frilled lizards
  3 rats
229 creatures vanquished.

Vanquished Creatures (collateral kills)
  2 gnolls (D:6)
2 creatures vanquished.

Vanquished Creatures (others)
  2 orc warriors
  An orc priest (D:9)
  7 orcs (Bailey)
10 creatures vanquished.

Grand Total: 241 creatures vanquished

Notes
Turn   | Place    | Note
-------+----------+-------------------------------------------
     0 | D:1      | yleetSyT the Mountain Dwarf Earth Elementalist began the
                  | quest for the Orb.
     0 | D:1      | Reached XP level 1. HP: 14/14 MP: 3/3
   109 | D:1      | Reached skill level 1 in Conjurations
   232 | D:1      | Found a faded altar of an unknown god.
   403 | D:1      | Reached XP level 2. HP: 20/20 MP: 1/5
  1038 | D:2      | Noticed Natasha
  1042 | D:2      | Killed Natasha
  1043 | D:2      | Reached XP level 3. HP: 20/26 MP: 1/6
  1101 | D:2      | Learned a level 3 spell: Stone Arrow
  1178 | D:2      | Reached XP level 4. HP: 26/33 MP: 2/7
  1355 | D:2      | Noticed Natasha
  1359 | D:2      | Killed Natasha
  1499 | D:2      | Noticed Natasha
  1503 | D:2      | Killed Natasha
  1504 | D:2      | Reached XP level 5. HP: 38/38 MP: 4/9
  1544 | D:2      | Identified the amulet "Unuiz" {Reflect rElec rF+ SH+5}
  1773 | D:2      | Learned a level 4 spell: Brom's Barrelling Boulder
  2360 | D:2      | Noticed Robin
  2368 | D:2      | Killed Robin
  2570 | D:3      | Reached skill level 5 in Earth Magic
  2636 | D:3      | Found a glowing drain.
  2640 | Sewer    | Entered a sewer
  2718 | Sewer    | Reached XP level 6. HP: 32/45 MP: 4/10
  3213 | D:3      | Found a glowing golden altar of the Shining One.
  3760 | D:3      | Reached XP level 7. HP: 39/50 MP: 7/11
  3989 | D:4      | Found a runed translucent gate.
  3989 | D:4      | Found a runed translucent gate.
  3990 | D:4      | Found a runed translucent gate.
  3991 | D:4      | Noticed SageDae's ghost (amateur CoGl)
  4548 | D:4      | Found a bloodstained altar of Trog.
  4737 | D:5      | Entered Level 5 of the Dungeon
  4812 | D:5      | Reached skill level 5 in Conjurations
  4892 | D:5      | Noticed Sigmund
  4895 | D:5      | Killed Sigmund
  5170 | D:5      | Reached XP level 8. HP: 57/57 MP: 2/12
  5175 | D:5      | Became a worshipper of Beogh the Shepherd
  5214 | D:5      | Noticed Edmund
  5226 | D:5      | Killed Edmund
  5606 | D:5      | Found a staircase to the Ecumenical Temple.
  5864 | D:5      | Found Yhados's Distillery.
  5871 | D:5      | Bought a potion of curing for 36 gold pieces
  5871 | D:5      | Bought a potion of curing for 36 gold pieces
  5891 | D:5      | Noticed Menkaure
  5897 | D:5      | Killed Menkaure
  6255 | D:5      | Found a runed translucent door.
  6256 | D:5      | Noticed Crazy Yiuf
  6401 | D:5      | Killed Crazy Yiuf
  6533 | D:6      | Learned a level 1 spell: Apportation
  6808 | D:6      | Reached * piety under Beogh
  6969 | D:6      | Reached XP level 9. HP: 62/62 MP: 6/13
  7097 | D:6      | Noticed Pikel
  7122 | D:6      | Killed Pikel
  7123 | D:6      | Reached skill level 10 in Earth Magic
  7656 | D:6      | Identified the +0 leather armour of a treasure trove {-Cast
                  | rElec rCorr}
  7665 | D:6      | Found a hazy altar of Hepliaklqana.
  8341 | D:7      | Found Atiuges's Magic Scroll Shop.
  8349 | D:7      | Bought a scroll of identify for 28 gold pieces
  8349 | D:7      | Bought a scroll of identify for 28 gold pieces
  8349 | D:7      | Bought a scroll of enchant armour for 105 gold pieces
  8462 | D:7      | Reached skill level 10 in Conjurations
  8694 | D:8      | Reached skill level 1 in Fighting
  8694 | D:8      | Reached skill level 1 in Armour
  8811 | D:8      | Identified the staff of Res Nullius {Dex+5 Earth}
  8821 | D:8      | Found a flagged portal.
  8843 | D:8      | Reached XP level 10. HP: 64/73 MP: 0/14
  8945 | Bailey   | Entered a bailey
  9624 | Bailey   | Reached XP level 11. HP: 95/95 MP: 15/15
  9626 | Bailey   | Noticed an orc knight
  9626 | Bailey   | Noticed an orc knight
  9627 | Bailey   | an orc knight changed into a guardian serpent
  9981 | Bailey   | Killed an orc knight
 10145 | Bailey   | Noticed an orc knight
 10182 | Bailey   | Killed an orc knight
 10805 | D:8      | Reached ** piety under Beogh
 10996 | D:8      | Acquired the Catalogue of Detritus
 11034 | D:8      | Learned a level 5 spell: Lee's Rapid Deconstruction
 11812 | D:8      | Found a staircase to the Lair.
 12485 | D:9      | Found a shadowy altar of Dithmenos.
 12485 | D:9      | Found an ornate altar of the Wu Jian Council.
 12523 | D:9      | Reached *** piety under Beogh
 12569 | D:9      | Killed from afar by Olfrun the orc apostle

Illustrated notes

Levels and vault maps discovered:
D:1:      minmay_arrival_stair_chambers, layout_basic,
          dreamdust_ecumenical_altar_hidden_monk_grotto
D:2:      layout_basic, uniq_natasha, uniq_robin
D:3:      layout_basic, tso_altar, mainiacjoe_sewer_entry_somewhere_in_here_2
D:4:      minmay_inner_zag, layout_rooms,
          mainiacjoe_overflow_concentric_impassable, gammafunk_ghost_necromancy
D:5:      layout_loops_cross, minmay_temple_entry_poolview, serial_shops,
          nicolae_shop_industrial_runoff, nicolae_twisty_statue_hallways,
          uniq_sigmund, uniq_crazy_yiuf_cottage, uniq_menkaure, uniq_edmund
D:6:      layout_loops_cross, nicolae_hepliaklqana_hippocampus, uniq_pikel
D:7:      layout_rooms, serial_shops, nicolae_shop_tiny_statue_garden,
          serial_curves, eino_curves_03, eino_curves_02
D:8:      layout_gridville, hellmonk_lair_entry_icy, enter_bailey_5
D:9:      layout_basic, grunt_temple_overflow_open, erik_orc_4,
          kennysheep_generic_room_11

Skill      XL: |  1  2  3  4  5  6  7  8  9 10 11 |
---------------+----------------------------------+-----
Conjurations   | 1 2 3 4 5 7 10 | 10.0
Spellcasting   | 2 3 |  3.0
Earth Magic    | 4 5 6 7 9 10 | 10.0
Fighting       | 2 8 9 |  9.9
Armour         | 2 8 9 |  9.9
Dodging        | |  1.3
Stealth        | |  1.4

Action                     |  1- 3 |  4- 6 |  7- 9 | 10-12 || total
---------------------------+-------+-------+-------+-------++-------
  Melee: Dagger            |    14 |    25 |   146 |    30 ||   215
         Staff             |       |       |     9 |   102 ||   111
  Throw: Dart              |       |       |       |     4 ||     4
         Throwing net      |       |       |       |     1 ||     1
   Cast: Sandblast         |    23 |   118 |    29 |     1 ||   171
         Stone Arrow       |       |       |    80 |    49 ||   129
         Brom's Barrelling |       |       |     2 |     5 ||     7
         Lee's Rapid Decon |       |       |       |    12 ||    12
 Invoke: Convert to Beogh  |       |       |     1 |       ||     1
  Evoke: Wand              |       |       |       |     3 ||     3
    Use: Scroll            |       |     7 |    12 |     5 ||    24
         Potion            |       |       |     5 |    14 ||    19
   Stab: Invisible         |       |       |       |     1 ||     1
 Armour: Scale mail        |    25 |    74 |   141 |    55 ||   295
         Chain mail        |       |       |       |    73 ||    73
         Plate armour      |       |       |       |    18 ||    18
  Dodge: Dodged            |     7 |    38 |    59 |    56 ||   160
  Block: Other             |       |    19 |    33 |    46 ||    98

Table legend: (Time is in decaauts)
 A = Elapsed time spent in this place.
 B = Non-inter-level travel time spent in this place.
 C = Inter-level travel time spent in this place.
 D = Time resting spent in this place.
 E = Time spent auto-exploring this place.
 F = Levels seen in this place.
 G = Mean time per level.
                   A        B        C        D        E       F      G
               +--------+--------+--------+--------+--------+-----+--------+
         Total |  12753 |  12277 |    476 |   4409 |   6022 |  11 | 1159.4 |
       Dungeon |  10718 |  10242 |    476 |   2980 |   5751 |   9 | 1190.9 |
         Sewer |    246 |    246 |      0 |      0 |    205 |   1 |  246.0 |
        Bailey |   1788 |   1788 |      0 |   1429 |     66 |   1 | 1788.0 |
               +--------+--------+--------+--------+--------+-----+--------+

Top non-repeatable levels by time:
  Bailey: 1788 daAuts
     D:8: 1785 daAuts
     D:5: 1712 daAuts
     D:6: 1632 daAuts
     D:2: 1518 daAuts
     D:4: 1167 daAuts
     D:1: 1045 daAuts
     D:3: 842 daAuts
     D:7: 597 daAuts
     D:9: 416 daAuts
   Sewer: 246 daAuts
